 Dungeon Crawl Stone Soup version 0.31-a0-795-g5eb97db20b (webtiles) character file.

Game seed: 17172367754125777887

1673 Dirtsage the Cleaver (level 8, -6/87 HPs)
             Began as a Demonspawn Berserker on Sept 18, 2023.
             Was a Priest of Trog.
             Mangled by Joseph
             ... wielding a +0 quarterstaff
              (13 damage)
             ... on level 6 of the Dungeon.
             The game lasted 00:09:39 (4948 turns).

Dirtsage the Cleaver (Demonspawn Berserker)         Turns: 4948, Time: 00:09:39

Health: -6/87      AC: 24    Str: 19    XL:     8   Next: 70%
Magic:  8/8        EV:  2    Int:  9    God:    Trog [***...]
Gold:   277        SH:  5    Dex: 13    Spells: 7/7 levels left

rFire   . . .        s - +1 war axe (freeze)
rCold   . . .        (no shield)
rNeg    . . .        q - melded +0 scale mail
rPois   +            o - melded +2 helmet of Cheibriados, Mashing {+Inv Regen+}
rElec   .            (cloak currently unavailable)
rCorr   .            (gloves currently unavailable)
SInv    .            (boots currently unavailable)
Will    .....        u - amulet of reflection
Stlth   +            (no ring)
HPRegen 0.34/turn    (no ring)
MPRegen 0.11/turn

%: reflection
@: tree-form
A: stationary, stasis, torment immunity, boosted hp, (yellow scales 1), (spiny
1), (demonic touch 2)
a: Renounce Religion, Berserk, Trog's Hand


You were on level 6 of the Dungeon.
You worshipped Trog.
Trog was most pleased with you.
You were a tree.
You visited 2 branches of the dungeon, and saw 8 of its levels.

You collected 277 gold pieces.

Inventory:

Hand Weapons
 a - a +0 hand axe
 s - a +1 war axe of freezing (weapon)
Armour
 b - a +0 animal skin
 e - a +0 chain mail
 o - the +2 helmet of Cheibriados, Mashing (melded) {+Inv Regen+}
   (You found it on level 2 of the Dungeon)

   +Inv:      It lets you turn invisible.
   Regen+:    It increases your rate of health regeneration.
 q - a +0 scale mail (melded)
Jewellery
 u - an amulet of reflection (around neck)
Wands
 t - a wand of flame (17)
Scrolls
 d - a scroll of amnesia
 g - a scroll of fear
 h - a scroll of vulnerability
 k - a scroll of silence
 l - 2 scrolls of teleportation {unknown}
 n - a scroll of poison
 B - 2 scrolls of blinking
Potions
 c - a potion of resistance {unknown}
 f - a potion of brilliance {unknown}
 j - 2 potions of curing {unknown}
 m - a potion of mutation {unknown}
 p - a potion of lignification
 v - a potion of heal wounds {unknown}
 w - a potion of might {unknown}
 x - a potion of magic {unknown}
 z - a potion of haste {unknown}


   Skills:
 + Level 3.3 Fighting
 * Level 10.3 Axes
 + Level 2.1 Armour
 - Level 1.7 Dodging
 + Level 1.0 Evocations


You had 7 spell levels left.
You didn't know any spells.
Your spell library contained the following spells:

 Spells                   Type           Power      Damage    Failure   Level
 Blink                    Tloc           0%         N/A       52%         2
 Lesser Beckoning         Tloc           0%         N/A       52%         2
 Momentum Strike          Conj/Tloc      0%         3d8       52%         2
 Ozocubu's Armour         Ice            0%         N/A       77%         3
 Tukima's Dance           Hex            0%         N/A       77%         3
 Cause Fear               Hex            0%         N/A       99%         4
 Passage of Golubria      Tloc           0%         N/A       99%         4
 Fireball                 Conj/Fire      0%         3d3       100%        5
 Metabolic Englaciation   Hex/Ice        0%         N/A       100%        5
 Yara's Violent Unravell  Hex/Tmut       0%         3d3       100%        5
 Simulacrum               Ice/Necr       0%         N/A       100%        6
 Ozocubu's Refrigeration  Ice            0%         4d7       100%        7
 Dragon's Call            Summ           0%         N/A       100%        9


Dungeon Overview and Level Annotations

Branches:
Dungeon (7/15)             Temple (1/1) D:4

Altars:
Ashenzari
Cheibriados
Dithmenos
Fedhas
Gozag
Hepliaklqana
Kikubaaqudgha
Makhleb
Nemelex Xobeh
Okawaru
Ru
Sif Muna
Trog
Uskayaw
Vehumet
Wu Jian
Xom
Yredelemnul

Annotations:
D:6 Joseph
D:7 Menkaure


Innate Abilities, Weirdness & Mutations

You are a tree.
Your roots penetrate the ground, keeping you stationary.
You cannot be teleported.
You are immune to unholy pain and torment.
Your maximum health is greatly increased.
Your equipment is partially melded.
((You are partially covered in yellow scales. (AC +2)))
((You are partially covered in sharp spines.))
((Your touch may inflict irresistible damage on your foes.))


Message History

You block the gnoll's attack.
A gnoll comes into view. It is wielding a +0 halberd.
The gnoll shouts!
You hit Joseph. You freeze Joseph. Your touch misses Joseph.
Joseph is lightly wounded.
You hit the gnoll. You freeze the gnoll.
You hear a shout!
You block the gnoll's attack.
Joseph unwields a +0 sling.
Joseph wields a +0 quarterstaff.
Joseph hits you but does no damage.
You hit Joseph but do no damage.
Joseph is lightly wounded.
You slash the gnoll! You freeze the gnoll.
You kill the gnoll!
Trog accepts your kill. Joseph completely misses you.
Menkaure, Prince of Dust comes into view.
You hit Joseph. You freeze Joseph.
Joseph is lightly wounded.
Joseph hits you but does no damage.
You hit Joseph. You freeze Joseph.
Joseph is lightly wounded.
You slash the gnoll! You freeze the gnoll.
You kill the gnoll!
Trog accepts your kill.
Menkaure calls on the powers of darkness!
The gnoll convulses!
Your body is wracked with pain!
Joseph convulses!
Joseph hits you with a +0 quarterstaff!
* * * LOW HITPOINT WARNING * * *
You take 37 damage, and have 11/58 hp.
MASSIVE DAMAGE!!
Joseph is struck by your spines. Joseph hits you with a +0 quarterstaff!
* * * LOW HITPOINT WARNING * * *
Menkaure forgets how to speak, silenced by the ages.
You climb upwards.
There is a stone staircase leading down here.
You take 7 damage, and have 4/58 hp.
It was a potion of lignification.
You turn into a tree.
The +2 helmet of Cheibriados, Mashing {+Inv Regen+} melds into your body.
Your +0 scale mail melds into your body.
Your roots penetrate the ground.
Joseph hits you with a +0 quarterstaff!
You die...

##...######............#####..
###......#.##.....##....## #..
##..............#.##......## ##.
................###........## #.
................#...........####.
.........................#...>...
........................###......
.....................#### #......
...............@♣....# ###...###
...................#.## #....##
..................###.####...#
...................##...#...##
......................###...#
.......<........#..........##
................#..........# #
.#........#................# ##
.............#..#..#.##....## #.


You could see Joseph.

Vanquished Creatures
  The ghost of incide the Magician, a novice DsWn (D:5)
  Grinder (D:3)
  A sky beast (D:6)
  4 ogres
  A bullfrog (D:6)
  2 scorpions
  2 jellies
  4 orc priests
  3 hounds
  2 sleepcaps
  2 iguanas
  An orc wizard (D:4)
  Robin (D:3)
  3 gnolls (D:7)
  4 adders
  A shadow imp (D:3)
  2 worms
  24 orcs
  11 endoplasms
  4 giant cockroaches
  17 goblins
  4 hobgoblins
  4 jackals (D:1)
  A quokka (D:3)
  8 ball pythons
  4 bats
  A frilled lizard (D:1)
  6 kobolds
  5 rats
124 creatures vanquished.

Notes
Turn   | Place    | Note
-------+----------+-------------------------------------------
     0 | D:1      | Dirtsage the Demonspawn Berserker began the quest for the
                  | Orb.
     0 | D:1      | Reached XP level 1. HP: 18/18 MP: 1/1
   187 | D:1      | Reached skill level 3 in Axes
   350 | D:1      | Gained mutation: Your touch may inflict minor irresistible
                  | damage on your foes. [demonic ancestry]
   350 | D:1      | Reached XP level 2. HP: 24/24 MP: 2/2
  1228 | D:1      | Reached XP level 3. HP: 29/29 MP: 3/3
  1314 | D:2      | Reached skill level 4 in Axes
  1461 | D:2      | Found a faded altar of an unknown god.
  1817 | D:2      | Identified the +2 helmet of Cheibriados, Mashing {+Inv
                  | Regen+}
  1959 | D:3      | Noticed Robin
  1961 | D:3      | Noticed Grinder
  1962 | D:3      | Reached ** piety under Trog
  1968 | D:3      | Gained mutation: You are partially covered in yellow
                  | scales. (AC +2) [demonic ancestry]
  1968 | D:3      | Reached XP level 4. HP: 35/35 MP: 4/4
  1969 | D:3      | Killed Robin
  1985 | D:3      | Paralysed by Grinder for 2 turns
  1988 | D:3      | Killed Grinder
  1989 | D:3      | Reached skill level 6 in Axes
  1989 | D:3      | Reached XP level 5. HP: 21/41 MP: 5/5
  1989 | D:3      | Gained mutation: Your touch may inflict irresistible damage
                  | on your foes. [demonic ancestry]
  1989 | D:3      | Reached XP level 6. HP: 25/47 MP: 6/6
  2027 | D:3      | You fall into a shaft and drop 1 floor!
  2027 | D:4      | Found an iron altar of Okawaru.
  2730 | D:4      | Reached skill level 7 in Axes
  2792 | D:4      | Found a staircase to the Ecumenical Temple.
  2815 | D:4      | Gained mutation: You are partially covered in sharp spines.
                  | [demonic ancestry]
  2815 | D:4      | Reached XP level 7. HP: 51/52 MP: 7/7
  2819 | Temple   | Entered the Ecumenical Temple
  3055 | D:4      | Reached *** piety under Trog
  3205 | D:5      | Entered Level 5 of the Dungeon
  3235 | D:5      | Reached skill level 8 in Axes
  3344 | D:5      | Found a transporter.
  3344 | D:5      | Noticed incide's ghost (novice DsWn)
  3626 | D:5      | Found a burning altar of Makhleb.
  3661 | D:5      | Found a transporter.
  3929 | D:5      | Reached skill level 9 in Axes
  3929 | D:5      | Reached XP level 8. HP: 58/58 MP: 8/8
  3931 | D:5      | Killed incide's ghost
  4046 | D:6      | Found a sparkling altar of Nemelex Xobeh.
  4056 | D:6      | Found a hide-covered altar of Uskayaw.
  4056 | D:6      | Found a shimmering blue altar of Sif Muna.
  4221 | D:6      | Reached skill level 10 in Axes
  4592 | D:6      | Found a sacrificial altar of Ru.
  4931 | D:7      | Noticed Joseph
  4941 | D:7      | Reached skill level 1 in Evocations
  4943 | D:7      | Noticed Menkaure
  4948 | D:6      | Mangled by Joseph

Illustrated notes

Levels and vault maps discovered:
D:1:      lemuel_arrival_behind_the_door_small, layout_loops_ring,
          serial_co_window_serial, co_window_paths_a, co_window_corner_a,
          co_window_of_opportunity_a, co_window_paths_a, co_window_paths_a,
          co_window_paths_b, co_window_corner_a, co_window_of_opportunity_b,
          co_window_corner_ca, co_window_corner_b, co_window_of_opportunity_c,
          co_window_corner_cb, co_window_unsneaky_path_e, co_window_paths_d,
          glass_columns_a, glass_columns_c, glass_columns_b, chequers_jeans,
          chequers_mini_garden, minmay_misc_feat_columns, nrook_loot_triangle
D:2:      layout_basic, hellmonk_ecumenical_altar_slurped_away
D:3:      layout_loops_ring, minmay_box_of_dots, uniq_grinder, uniq_robin
D:4:      layout_loops_ring, okawaru_gym_becter, minmay_temple_entry_hall,
          kennysheep_nub, grunt_decor_mini_mirrors
D:5:      layout_loops_ring, lightli_temple_of_fire, gammafunk_ghost_smash
D:6:      layout_layer_cave, mainiacjoe_overflow_24_doors, minitemple,
          minmay_misc_feat_square
D:7:      layout_cave_pods, grunt_qazlal_clouds, uniq_maggie, uniq_duvessa,
          uniq_menkaure, uniq_joseph, uniq_pikel
Temple:   compressed_dpeg_circular_temple

Skill      XL: |  1  2  3  4  5  6  7  8 |
---------------+-------------------------+-----
Axes           | 3 4 6 7 9 10 | 10.3
Armour         | 2 |  2.1
Evocations     | 1 |  1.0
Fighting       | |  3.3
Dodging        | |  1.7

Action                     |  1- 3 |  4- 6 |  7- 9 || total
---------------------------+-------+-------+-------++-------
  Melee: Hand axe          |   104 |    61 |       ||   165
         Touch             |    13 |    13 |    11 ||    37
         War axe           |       |    23 |    87 ||   110
         Punch             |       |     2 |       ||     2
 Invoke: Berserk           |     1 |     1 |     1 ||     3
    Use: Scroll            |       |       |     6 ||     6
         Potion            |       |       |     1 ||     1
 Armour: Chain mail        |    74 |    22 |       ||    96
         Animal skin       |     3 |       |       ||     3
         Scale mail        |       |    44 |    40 ||    84
         Skin              |       |       |     1 ||     1
  Dodge: Dodged            |    56 |    27 |    24 ||   107
  Block: Other             |       |       |    16 ||    16

Table legend: (Time is in decaauts)
 A = Elapsed time spent in this place.
 B = Non-inter-level travel time spent in this place.
 C = Inter-level travel time spent in this place.
 D = Time resting spent in this place.
 E = Time spent auto-exploring this place.
 F = Levels seen in this place.
 G = Mean time per level.
                   A        B        C        D        E       F      G
               +--------+--------+--------+--------+--------+-----+--------+
         Total |   4990 |   4814 |    176 |     55 |   4065 |   8 |  623.8 |
       Dungeon |   4989 |   4813 |    176 |     55 |   4065 |   7 |  712.7 |
        Temple |      1 |      1 |      0 |      0 |      0 |   1 |    1.0 |
               +--------+--------+--------+--------+--------+-----+--------+

Top non-repeatable levels by time:
     D:1: 1316 daAuts
     D:6: 937 daAuts
     D:5: 795 daAuts
     D:3: 703 daAuts
     D:4: 612 daAuts
     D:2: 606 daAuts
     D:7: 18 daAuts
  Temple: 1 daAuts
